 Dungeon Crawl Stone Soup version 0.20.0-9-g8272e65 (webtiles) character file.

15496 Kosschaser the Blocker (level 12, -1/92 HPs)
             Began as a Demonspawn Fighter on June 3, 2017.
             Was a Priest of Qazlal.
             Slain by Snorg (22 damage)
             ... on level 13 of the Dungeon.
             The game lasted 00:45:16 (10721 turns).

Kosschaser the Blocker (Demonspawn Fighter)        Turns: 10721, Time: 00:45:16

Health: -1/92      AC: 14    Str: 29    XL:     12   Next: 1%
Magic:  0/23       EV: 18    Int:  9    God:    Qazlal [***...]
Gold:   608        SH: 12    Dex: 16    Spells: 11/11 levels left

rFire    . . .     SeeInvis .   M - +7 short sword of the Stoat {pierce, *Contam +Fly MR+ Str+10}
rCold    + + .     Gourm    .   S - +2 buckler
rNeg     . . .     Faith    .   b - +0 scale mail
rPois    .         Spirit   +   (helmet restricted)
rElec    .         Reflect  .   d - +0 cloak
rCorr    .         Harm     .   v - +0 pair of gloves
MR       +....     Clarity  +   (boots unavailable)
Stlth    +.........             D - amulet of regeneration
Regen    0.7/turn               j - +4 ring of evasion
MPRegen  0.4/turn               o - ring of magical power

@: drained
A: antennae 1, talons 3, icy blue scales 3, clarity, cold resistance 1,
nightstalker 1, evolution 1, magic shield, magic regeneration
a: Upheaval, Elemental Force, Renounce Religion, Evoke Flight


You were on level 13 of the Dungeon.
You worshipped Qazlal.
Qazlal was most pleased with you.
You were very hungry.

You visited 2 branches of the dungeon, and saw 14 of its levels.

You collected 705 gold pieces.
You spent 97 gold pieces at shops.

Inventory:

Hand Weapons
 L - a +1 falchion of slicing
 M - the +7 short sword of the Stoat (weapon) {pierce, *Contam +Fly MR+ Str+10}
   (You found it on level 8 of the Dungeon)

   It inflicts extra damage upon your enemies.
   It affects your strength (+10).
   It affects your resistance to hostile enchantments.
   It lets you fly.
   It causes magical contamination when unequipped.
 O - a +2 scimitar of flaming
Armour
 b - a +0 scale mail (worn)
 d - a +0 cloak (worn)
 v - a +0 pair of gloves (worn)
 S - a +2 buckler (worn)
Jewellery
 j - a +4 ring of evasion (left hand)
 o - a ring of magical power (right hand)
 D - an amulet of regeneration (around neck)
 E - an uncursed ring of see invisible
 F - an uncursed ring of protection from magic
 K - an uncursed ring of poison resistance
 R - an uncursed ring of flight
Wands
 a - a wand of acid (9/15)
 e - a wand of iceblast (12/15)
 q - a wand of enslavement (8/24)
 J - a wand of enslavement (14/24)
 Q - a wand of lightning (9/15)
 V - a wand of confusion (21/48)
Scrolls
 c - a scroll of identify
 k - a scroll of silence
 m - 2 scrolls of random uselessness {unknown}
 n - 4 scrolls of remove curse
 r - 2 scrolls of fear
 u - 4 scrolls of enchant weapon {unknown}
 x - 4 scrolls of immolation {unknown}
 y - 4 scrolls of enchant armour {unknown}
 z - 4 scrolls of recharging {unknown}
 A - 8 scrolls of teleportation
 C - 2 scrolls of fog
 H - 5 scrolls of amnesia
 N - a scroll of magic mapping
 P - a scroll of blinking
 T - a scroll of holy word {unknown}
 U - a scroll of torment {unknown}
Potions
 g - a potion of lignification {unknown}
 h - a potion of heal wounds
 l - 2 potions of flight {unknown}
 p - 2 potions of brilliance {unknown}
 s - a potion of agility {unknown}
 w - 2 potions of resistance {unknown}
 I - 3 potions of curing {unknown}
Books
 G - a book of Flames

   Spells                             Type                      Level
   a - Flame Tongue                   Conjuration/Fire             1
   b - Throw Flame                    Conjuration/Fire             2
   c - Conjure Flame                  Conjuration/Fire             3
   d - Inner Flame                    Hexes/Fire                   3
   e - Sticky Flame                   Conjuration/Fire             4
   f - Fireball                       Conjuration/Fire             5
Comestibles
 f - 9 bread rations
 i - 6 fruits
 t - 8 meat rations
 B - 12 royal jellies


   Skills:
 + Level 8.0(7.2) Fighting
 + Level 4.4(6.3) Short Blades
 + Level 8.6(8.3) Long Blades
 + Level 8.3(7.5) Armour
 + Level 5.8(5.1) Dodging
 + Level 9.8(9.0) Shields
 + Level 3.6(2.8) Invocations


You had 11 spell levels left.
You didn't know any spells.

Dungeon Overview and Level Annotations

Branches:
Dungeon (13/15)            Temple (1/1) D:4            Lair (0/6) D:11
    Orc (0/2) D:9
 Vaults: D:13-14

Altars:
Ashenzari
Cheibriados
Dithmenos
Elyvilon
Fedhas
Gozag
Hepliaklqana
Kikubaaqudgha
Makhleb
Nemelex Xobeh
Okawaru
Qazlal
Ru
Sif Muna
Trog
Uskayaw
Vehumet
Xom
Yredelemnul
Zin
The Shining One

Shops:
D:6 ?

Annotations:
D:13 Snorg


Innate Abilities, Weirdness & Mutations

You have claws for feet.
You are completely covered in icy blue scales. (AC +4, rC+)
You are slightly more attuned to the shadows.
When hurt, damage is shared between your health and your magic reserves.
You regenerate magic rapidly.
You have a pair of small antennae on your head.
You possess an exceptional clarity of mind.
Your flesh is cold resistant. (rC+)
You evolve.


Message History

You puncture Snorg! Your kick misses Snorg.
Snorg is almost dead.
You block Snorg's attack. x2; Snorg barely misses you.
Snorg closely misses you. Snorg claws you but does no damage.
You block Snorg's attack.
You barely miss Snorg. You claw Snorg.
Snorg is almost dead.
You block Snorg's attack. x3
You puncture Snorg! You claw Snorg, but do no damage.
Snorg is almost dead.
Snorg closely misses you. You block Snorg's attack. Snorg barely misses you.
You puncture Snorg! Your kick misses Snorg.
Snorg is almost dead.
Snorg bites you!!
* * * LOW HITPOINT WARNING * * *
Snorg claws you.
* * * LOW HITPOINT WARNING * * *
Snorg barely misses you.
You feel much better. Snorg barely misses you. Snorg misses you.
You block Snorg's attack. Snorg bites you!!
You die...

#.# #..# #. #.#
##.###### #.##.#
#....... #/#.##.#
#.##.... .
#.#.##.######.##.###
#. #.#.##........##.#
#.###.#...%....##.##.#
.....§.§#####.##.##.#
#.####).#@## #.##.##.#
#..$.[.)T.# #.##.##.#
#.####)#### ...... #.#
... .. #...# ..##
#.##.. .. #.#. ..
#.##. # ..# ..


You could see Snorg (berserk).

Vanquished Creatures
  A hydra (D:10)
  Erica (D:10)
  5 two-headed ogres
  A deep elf mage (D:13)
  A manticore (D:9)
  A cyclops (D:12)
  5 trolls
  4 hippogriffs
  A water elemental (D:11)
  6 yaks (D:12)
  2 vampires
  A wraith (D:11)
  A basilisk (D:13)
  A hungry ghost (D:11)
  Edmund (D:4)
  An eye of draining (D:10)
  An orc warrior (D:11)
  A swamp drake (D:9)
  3 phantoms
  4 sky beasts
  9 ogres
  A black bear (D:8)
  12 centaurs
  A crocodile (D:12)
  3 wolves (D:11)
  A big kobold (D:9)
  5 bullfrogs
  3 scorpions
  A water moccasin skeleton (D:11)
  6 electric eels
  2 howler monkeys
  9 wights
  5 crimson imps
  2 quasits (D:10)
  A bullfrog zombie (D:7)
  2 jellies
  10 hounds
  5 orc priests
  Crazy Yiuf (D:4)
  2 bullfrog skeletons
  10 orc wizards
  Ijyb (D:4)
  5 iguanas
  Natasha (thrice) (D:4)
  10 worker ants
  3 hound skeletons
  2 worker ant zombies
  4 gnolls (D:7)
  16 adders
  3 shadow imps
  2 adder skeletons (D:4)
  2 worms (D:2)
  3 dart slugs
  6 leopard geckos
  46 orcs
  3 ball pythons
  6 bats
  2 giant cockroaches
  7 goblins
  3 hobgoblins
  2 jackals (D:7)
  3 quokkas
  7 frilled lizards
  6 kobolds
  A leopard gecko skeleton (D:5)
  A quokka skeleton (D:4)
  7 rats
287 creatures vanquished.

Vanquished Creatures (others)
  An orc (D:9)
  A rat (D:3)
  A plant (D:9)
3 creatures vanquished.

Grand Total: 290 creatures vanquished

Notes
Turn   | Place    | Note
-------+----------+-------------------------------------------
     0 | D:1      | Kosschaser the Demonspawn Fighter began the quest for the Orb.
     0 | D:1      | Reached XP level 1. HP: 18/18 MP: 1/1
   194 | D:1      | Gained mutation: You have sharp toenails. [demonic ancestry]
   194 | D:1      | Reached XP level 2. HP: 24/24 MP: 2/2
   602 | D:2      | Found a shadowy altar of Dithmenos.
   629 | D:2      | Gained mutation: When hurt, damage is shared between your health and your magic reserves. [demonic ancestry]
   629 | D:2      | Reached XP level 3. HP: 29/29 MP: 3/3
   811 | D:2      | Reached skill level 3 in Shields
  1065 | D:2      | Found a glowing golden altar of the Shining One.
  1611 | D:3      | Gained mutation: You have razor-sharp toenails. [demonic ancestry]
  1611 | D:3      | Reached XP level 4. HP: 35/35 MP: 4/4
  2124 | D:3      | Noticed an ogre
  2135 | D:3      | Killed an ogre
  2135 | D:3      | Reached XP level 5. HP: 15/42 MP: 4/5
  2276 | D:4      | Found a staircase to the Ecumenical Temple.
  2298 | Temple   | Entered the Ecumenical Temple
  2486 | D:4      | Noticed Edmund
  2500 | D:4      | Killed Edmund
  2500 | D:4      | Reached skill level 1 in Dodging
  2500 | D:4      | Reached XP level 6. HP: 37/48 MP: 6/6
  2697 | D:4      | Noticed Ijyb
  2746 | D:4      | Killed Ijyb
  2786 | D:4      | Noticed Natasha
  2795 | D:4      | Killed Natasha
  2805 | D:4      | Gained mutation: You are partially covered in icy blue scales. (AC +2) [demonic ancestry]
  2805 | D:4      | Reached XP level 7. HP: 50/54 MP: 7/7
  2966 | D:4      | Reached skill level 4 in Shields
  3044 | D:4      | Found a runed door.
  3111 | D:4      | Noticed Natasha
  3128 | D:4      | Killed Natasha
  3148 | D:4      | Noticed Natasha
  3171 | D:5      | Entered Level 5 of the Dungeon
  3275 | D:4      | Killed Natasha
  3596 | D:4      | Noticed Crazy Yiuf
  3600 | D:4      | Killed Crazy Yiuf
  3812 | D:5      | Reached skill level 5 in Long Blades
  3978 | D:5      | Gained mutation: You regenerate magic rapidly. [demonic ancestry]
  3978 | D:5      | Reached XP level 8. HP: 61/61 MP: 8/8
  4442 | D:6      | Found Xepyski's Magic Scroll Shoppe.
  4461 | D:6      | Bought a scroll of identify for 26 gold pieces
  4461 | D:6      | Bought a scroll of fear for 45 gold pieces
  4461 | D:6      | Bought a scroll of fog for 26 gold pieces
  4495 | D:6      | Reached skill level 5 in Shields
  4691 | D:6      | Reached skill level 5 in Armour
  4704 | D:6      | Reached skill level 5 in Fighting
  5343 | D:7      | Gained mutation: You have claws for feet. [demonic ancestry]
  5343 | D:7      | Reached XP level 9. HP: 68/68 MP: 9/9
  6294 | D:8      | Got a faintly glowing short sword
  6295 | D:8      | Identified the +7 short sword of the Stoat {pierce, *Contam +Fly MR+ Str+10} (You found it on level 8 of the Dungeon)
  6389 | D:8      | Found a hazy altar of Hepliaklqana.
  6421 | D:8      | Reached skill level 6 in Shields
  6549 | D:9      | Noticed a two-headed ogre
  6557 | D:9      | Killed a two-headed ogre
  6634 | D:9      | Found a basalt altar of Yredelemnul.
  6634 | D:9      | Found an opulent altar of Gozag.
  6636 | D:9      | Found a deep blue altar of Sif Muna.
  6636 | D:9      | Found a glowing silver altar of Zin.
  6639 | D:9      | Noticed a troll
  6665 | D:9      | Killed a troll
  6665 | D:9      | Reached skill level 7 in Shields
  6695 | D:9      | Found a stormy altar of Qazlal.
  6704 | D:9      | Became a worshipper of Qazlal Stormbringer
  6826 | D:9      | Noticed a troll
  6837 | D:9      | Killed a troll
  6837 | D:9      | Gained mutation: You are slightly more attuned to the shadows. [demonic ancestry]
  6837 | D:9      | Reached XP level 10. HP: 74/76 MP: 10/10
  6900 | D:9      | Noticed a manticore
  6915 | D:9      | Killed a manticore
  7074 | D:9      | Found a staircase to the Orcish Mines.
  7096 | D:9      | Reached * piety under Qazlal
  7474 | D:9      | Noticed a two-headed ogre
  7478 | D:9      | Noticed a three-headed hydra
  7486 | D:9      | Killed a two-headed ogre
  7486 | D:9      | Reached skill level 8 in Shields
  7500 | D:10     | Entered Level 10 of the Dungeon
  7506 | D:10     | Found a shimmering altar of Xom.
  7575 | D:10     | Noticed Erica
  7597 | D:10     | Killed Erica
  7764 | D:10     | Reached skill level 5 in Dodging
  7797 | D:10     | Killed a one-headed hydra
  7797 | D:10     | Gained mutation: You are mostly covered in icy blue scales. (AC +3) [demonic ancestry]
  7797 | D:10     | Reached XP level 11. HP: 84/84 MP: 11/11
  8222 | D:10     | Reached ** piety under Qazlal
  8222 | D:10     | Reached skill level 9 in Shields
  8627 | D:11     | Gained mutation: Your flesh is cold resistant. (rC+) [mutagenic meat]
  8628 | D:11     | Gained mutation: You evolve. [mutagenic meat]
  8629 | D:11     | Gained mutation: You have a pair of small antennae on your head. [mutagenic meat]
  8630 | D:11     | Gained mutation: You possess an exceptional clarity of mind. [mutagenic meat]
  8631 | D:11     | Gained mutation: You are completely covered in icy blue scales. (AC +4, rC+) [mutagenic meat]
  8856 | D:11     | Reached skill level 1 in Invocations
  8952 | D:11     | Found a staircase to the Lair.
  9563 | D:12     | Noticed a two-headed ogre
  9578 | D:12     | Killed a two-headed ogre
  9578 | D:12     | Reached skill level 1 in Short Blades
  9652 | D:12     | Reached *** piety under Qazlal
 10091 | D:12     | Noticed a two-headed ogre
 10098 | D:12     | Killed a two-headed ogre
 10280 | D:12     | Noticed a two-headed ogre
 10291 | D:12     | Killed a two-headed ogre
 10655 | D:13     | Noticed a deep elf mage
 10669 | D:13     | Killed a deep elf mage
 10686 | D:13     | Reached XP level 12. HP: 28/92 MP: 6/14
 10699 | D:13     | Noticed Snorg
 10720 | D:13     | HP: 2/92 [Snorg (14)]
 10721 | D:13     | Slain by Snorg

Skill      XL: |  1  2  3  4  5  6  7  8  9 10 11 |
---------------+----------------------------------+-----
Long Blades    | 2 3 4 5 6 7 8 |  8.6
Armour         | 3 4 5 6 7 8 |  8.3
Shields        | 3 4 5 7 8 9 |  9.8
Dodging        | 1 2 3 5 |  5.8
Fighting       | 4 5 6 7 8 |  8.0
Invocations    | 3 |  3.6
Short Blades   | 4 |  4.4

Action                   |  1- 3 |  4- 6 |  7- 9 | 10-12 || total
-------------------------+-------+-------+-------+-------++-------
Melee: Long sword        |   115 |   160 |   371 |       ||   646
       Kick              |     6 |    15 |   177 |   214 ||   412
       Short sword       |       |       |   110 |   380 ||   490
       Falchion          |       |       |    13 |       ||    13
       Scimitar          |       |       |       |   124 ||   124
Invok: Upheaval          |       |       |       |     3 ||     3
  Use: Potion            |       |     1 |     1 |     1 ||     3
       Scroll            |       |     4 |     5 |     1 ||    10
 Stab: Distracted        |       |       |     1 |       ||     1
       Confused          |       |       |       |     1 ||     1
  Eat: Chunk             |     2 |     5 |    12 |    19 ||    38
       Fruit             |       |       |     1 |       ||     1
Armor: Scale mail        |    43 |    68 |   183 |   117 ||   411
Dodge: Dodged            |    51 |    78 |   253 |   304 ||   686
Block: Shield            |    45 |    91 |   284 |   125 ||   545
       Buckler           |       |       |       |   195 ||   195
       Rpst.: Long sword |    17 |    24 |    58 |       ||    99
       Falchion          |       |       |     1 |       ||     1
       Scimitar          |       |       |       |    16 ||    16
